cohdb
Replays
Latest Replays
All Replays
Popular Replays
Top Player Replays
Match Explorer
How It Works
Community
CoH3 Stats
Reddit
Sign in to upload your games and track your stats! →
Sign in with Steam
Match 42338349
Unlisted
Match 42338349
Overview
Messages
Build Orders
End
Construct Barracks
Selects Armored Battlegroup
Riflemen Squad
Selects Veteran Crews
1⁄4-ton 4x4 Truck
Riflemen Squad
1⁄4-ton 4x4 Truck
Grenade Package
Riflemen Squad
Mechanized Support Center
Construct Motor Pool
M8 Greyhound Armored Car
Riflemen Squad
Engineer Squad
Selects M31 Recovery Vehicle
M31 Recovery Vehicle
Rubielax
Sereph
UH|dun! ツ
UH|ck
0
0
Comments
sign in to comment!
No comments posted yet!